 Dungeon Crawl Stone Soup version 0.31.0-12-g77e489cdc1 (webtiles) character file.

Game seed: 12216603733620340848

124573 Silvore the Fighter (level 16, -22/129 HPs)
             Began as a Demonspawn Fighter on Feb 15, 2024.
             Was the Champion of Jiyva.
             Annihilated by an ettin
             ... wielding a +0 great mace of holy wrath
              (75 damage)
             ... on level 3 of the Vaults.
             The game lasted 00:35:18 (14657 turns).

Silvore the Fighter (Demonspawn Fighter)           Turns: 14657, Time: 00:35:18

Health: -22/129    AC: 40    Str: 27    XL:     16   Next: 39%
Magic:  16/16      EV: 21    Int:  6    God:    Jiyva [******]
Gold:   519        SH:  8    Dex: 13    Spells: 15/15 levels left

rFire   . . .        R - +9 quick blade of the Magi {freeze, Str+3}
rCold   + . .        c - +1 buckler
rNeg    . . .        v - +6 chain mail of Beauty {Slay+2}
rPois   +            (helmet unavailable)
rElec   +            w - +1 cloak {rPois}
rCorr   +            T - +2 pair of gloves
SInv    +            (no boots)
Will    ++++.        i - necklace of Bloodlust {Fury *Rage Will++ Int-3 Slay+6}
Stlth   ++++         o - ring of flight
HPRegen 3.61/turn    C - +4 ring of protection
MPRegen 0.95/turn

%: clarity
@: mighty, agile, sanguine armoured, flying
A: antennae 3, foul stench 2, powered by pain 2, sanguine armour 2, camouflage
2, clarity, cold resistance 1, strong-willed 1, regeneration 2, electricity
resistance, eyeballs 2, gelatinous body 3, evolution 1, jelly sensing items,
sturdy frame 1
a: Renounce Religion, Oozemancy, Slimify


You were on level 3 of the Vaults.
You worshipped Jiyva.
Jiyva was exalted by your worship.
You visited 2 branches of the dungeon, and saw 17 of its levels.
You also visited: Bailey and Gauntlet.

You collected 920 gold pieces.
You spent 401 gold pieces at shops.

Inventory:

Hand Weapons
 a - a +2 long sword of flaming
 l - the +1 long sword "Nusk" {heavy, *Corrode rN+ Str+4}
   (You bought it in a shop on level 3 of the Dungeon)

   Str+4:     It affects your strength (+4).
   rN+:       It protects you from negative energy.
   *Corrode:  It may corrode you when you take damage.
 N - the +11 flail "Beast's Death Toll" {flame, rN+ Will+ Dex-3}
   (You took it off a minotaur in a Gauntlet)

   Dex-3:     It affects your dexterity (-3).
   rN+:       It protects you from negative energy.
   Will+:     It increases your willpower.
 R - the +9 quick blade of the Magi (weapon) {freeze, Str+3}
   (You found it in a Gauntlet)

   Str+3:     It affects your strength (+3).
Missiles
 p - 3 throwing nets (quivered)
Armour
 b - a +0 scale mail
 c - a +1 buckler (worn)
 r - a +2 plate armour of poison resistance
 u - a +0 hat of stealth
 v - the +6 chain mail of Beauty (worn) {Slay+2}
   (You found it in a bailey)

   Slay+2:    It affects your accuracy & damage with ranged weapons and melee
   (+2).
 w - a +1 cloak of poison resistance (worn)
 J - a +0 troll leather armour
 M - +1 fire dragon scales
 Q - +2 swamp dragon scales
 T - a +2 pair of gloves (worn)
Jewellery
 i - the necklace of Bloodlust (around neck) {Fury *Rage Will++ Int-3 Slay+6}
   (You found it on level 8 of the Dungeon)

   [amulet of nothing]

   Fury:      It extends the wearer's berserk rage when killing foes.
   Int-3:     It affects your intelligence (-3).
   Slay+6:    It affects your accuracy & damage with ranged weapons and melee
   (+6).
   Will++:    It greatly increases your willpower.
   *Rage:     It berserks you when you make melee attacks (+50% chance).
 o - a ring of flight (left hand)
 s - an amulet of regeneration
 C - a +4 ring of protection (right hand)
 E - an amulet of reflection
 L - the ring "Otusteps" {rN+ Dex+4 Stlth+}
   (You took it off a minotaur in a Gauntlet)

   [ring of positive energy]

   Dex+4:     It affects your dexterity (+4).
   rN+:       It protects you from negative energy.
   Stlth+:    It makes you more stealthy.
 O - a ring of see invisible
 P - a ring of willpower
Wands
 d - a wand of flame (17)
 n - a wand of roots (10)
 y - a wand of charming (6)
 F - a wand of mindburst (7)
Scrolls
 h - 2 scrolls of torment
 x - 2 scrolls of fog
 A - 3 scrolls of noise
 I - a scroll of enchant weapon
Potions
 e - a potion of magic
 f - a potion of heal wounds
 g - 5 potions of mutation
 j - a potion of cancellation {unknown}
 k - a potion of haste
 m - a potion of enlightenment
 q - a potion of attraction
 z - 2 potions of resistance {unknown}
 B - 2 potions of degeneration {unknown}
 D - 2 potions of lignification
 H - 3 potions of curing
 S - a potion of ambrosia {unknown}
Miscellaneous
 t - a phantom mirror
 K - a phial of floods
 U - a lightning rod (4/4)


   Skills:
 + Level 12.9 Fighting
 + Level 12.4(14.5) Short Blades
 + Level 12.4(14.5) Long Blades
 + Level 11.7 Armour
 + Level 8.4 Dodging
 + Level 7.5 Stealth
 + Level 11.0 Shields


You had 15 spell levels left.
You didn't know any spells.
Your spell library contained the following spells:

 Spells                   Type           Power      Damage    Failure   Level
 Foxfire                  Conj/Fire      0%         2x1d4     80%         1
 Kiss of Death            Conj/Necr      0%         2d5       80%         1
 Confusing Touch          Hex            0%         N/A       99%         3
 Dazzling Flash           Conj/Hex       0%         N/A       99%         3
 Tukima's Dance           Hex            0%         N/A       99%         3
 Volatile Blastmotes      Fire/Tloc      0%         2d10      99%         3
 Dispel Undead            Necr           0%         3d6       100%        4
 Manifold Assault         Tloc           0%         N/A       100%        4
 Passage of Golubria      Tloc           0%         N/A       100%        4
 Silence                  Hex/Air        0%         N/A       100%        5
 Yara's Violent Unravell  Hex/Alch       0%         3d3       100%        5
 Dispersal                Tloc           0%         N/A       100%        6
 Plasma Beam              Fire/Air       0%         2x1d10    100%        6
 Starburst                Conj/Fire      0%         6d3       100%        6
 Disjunction              Tloc           0%         N/A       100%        8
 Lehudib's Crystal Spear  Conj/Erth      0%         10d2      100%        8
 Maxwell's Capacitive Co  Air            0%         ∞         100%        8


Dungeon Overview and Level Annotations

Branches:
Dungeon (14/15)            Temple (0/1) D:6            Lair (0/5) D:8
    Orc (0/2) D:11         Vaults (3/5) D:14         Bailey (visited)
Gauntlet (visited)
  Crypt: Vaults:2-3

Altars:
Ashenzari
Dithmenos
Gozag
Hepliaklqana
Wu Jian
Xom
Jiyva

Shops:
D:3 ((   D:6 :   D:14 =   Vaults:1 (   Vaults:2 [

Portals:
Trove: D:12 (lose all piety)


Innate Abilities, Weirdness & Mutations

You have a pair of large antennae on your head. (SInv)
You sometimes emit foul miasma when damaged in melee.
You sometimes gain power by taking damage.
When seriously injured, your blood forms thick armour. (AC +9)
Your skin blends seamlessly with your surroundings (Stealth++).
You possess an exceptional clarity of mind.
Your flesh is cold resistant. (rC+)
You are strong-willed. (Will+)
You heal very quickly.
You are resistant to electric shocks. (rElec)
Your body has grown many eyes which may confuse attackers. (Acc +5)
Your gelatinous body deflects attacks. (AC +3, EV +3)
You have hidden genetic potential.
You have a small jelly attached to you that senses nearby items.
Your movements are slightly less encumbered by armour. (ER -2)


Message History

You barely miss the ironbound convoker. You hit the ironbound convoker.
You freeze the ironbound convoker.
The ironbound convoker is severely wounded.
The yaktaur shoots a bolt.
The bolt closely misses you.
You barely miss the ironbound convoker. You puncture the ironbound convoker!
You freeze the ironbound convoker.
The ironbound convoker is severely wounded.
The ironbound convoker points at the ettin and mumbles some strange words.
The ettin seems to grow stronger.
You puncture the ironbound convoker! You freeze the ironbound convoker.
You hit the ironbound convoker but do no damage.
The ironbound convoker is almost dead.
You puncture the ironbound convoker! You freeze the ironbound convoker.
You kill the ironbound convoker!
The yaktaur wields a +0 arbalest.
The yaktaur shoots a bolt.
You block the bolt.
The ettin hits you with a +0 great mace of holy wrath!
You focus on the pain.
You feel more agile all of a sudden.
You convulse!
The ettin barely misses you.
You completely miss the ettin. You puncture the ettin! You freeze the ettin.
The ettin is lightly wounded.
You hit the ettin. You freeze the ettin. You hit the ettin but do no damage.
The ettin is lightly wounded.
The ettin closely misses you. The ettin misses you.
You puncture the ettin! You freeze the ettin. You impale the ettin!!
You freeze the ettin.
The ettin is heavily wounded.
The yaktaur unwields a +0 arbalest.
The yaktaur hits you but does no damage.
You puncture the ettin! You freeze the ettin. You puncture the ettin!
You freeze the ettin.
The ettin is severely wounded.
The ettin hits you with a +0 great mace of holy wrath!!!
You shudder from the blow and a jelly pops out!
You focus on the pain.
You feel very mighty all of a sudden.
Your blood congeals into armour.
You convulse!!!!
Ouch! That really hurt!
You die...

......#.... ....# ......#
.. ....# ......#.. ....#
......#... { ....#
......#... ....#
#.....############....#
#...............J.....#
#....[.........)pcc...#
#...............@C....#
#..#.###########......#####
#p.#...######.∆+...........
#..#...'...[#.∆#).........
#..#...'....#..#......###
#..#...######..#......#
#..#..)))).....#......#
#..##')#)).....#......#
#..##..#..#++#.#......#


You could see an ironbound preserver, an ettin (strong, sheltered, ally target),
2 yaktaurs and a friendly rockslime (summoned).

Vanquished Creatures
  Mara (Vaults:2)
  6 vault wardens
  10 ironbound preservers
  4 ironbound thunderhulks
  A very ugly thing (Vaults:3)
  8 dire elephants
  A deep elf annihilator (Vaults:2)
  2 eidola (Vaults:2)
  An ettin (Vaults:1)
  10 vault guards
  A hydra (D:14)
  6 yaktaur captains
  A death knight (D:14)
  7 centaur warriors
  2 boulder beetles
  6 ironbound frosthearts
  The ghost of glumbocoin the Cleaver, a novice AtBe of Trog (D:9)
  A two-headed ogre (D:10)
  Amaemon (D:8)
  37 deep trolls
  3 skeletal warriors (D:14)
  3 arcanists
  10 ironbound convokers
  A phantasmal warrior (D:14)
  2 harpies
  13 lindwurms
  2 deep elf pyromancers
  2 necromancers
  A tengu zombie (Vaults:3)
  3 cyclopes
  14 ugly things
  2 manticores
  An elephant (D:8)
  An orange demon (D:8)
  7 vault sentinels
  A cane toad (shapeshifter) (D:14)
  A gargoyle (Bailey)
  6 kobold demonologists
  An unseen horror (D:10)
  24 yaktaurs
  2 komodo dragons (D:8)
  3 trolls
  A troll (shapeshifter) (D:13)
  A hornet (D:7)
  9 shadows (Gauntlet)
  3 wraiths
  26 yaks
  A vampire (Bailey)
  2 wyverns
  Grum (D:9)
  A basilisk (D:13)
  7 humans (D:14)
  3 vampire mosquitoes
  A human simulacrum (Vaults:3)
  A glowing shapeshifter zombie (Vaults:3)
  An acid dragon (D:10)
  4 water moccasins
  4 orc warriors
  An ice beast (D:8)
  2 sky beasts
  A black bear (D:8)
  2 wolves (D:9)
  4 ogres
  5 centaurs
  3 phantoms
  A bullfrog (D:8)
  4 kobold brigands
  4 gnoll sergeants
  3 scorpions
  8 wights
  9 vampire bats (Bailey)
  6 wolf zombies (Bailey)
  2 howler monkeys
  4 crimson imps (D:6)
  2 gnoll boudas
  8 orc priests
  3 hounds
  A sleepcap (D:6)
  Terence (D:2)
  4 iguanas
  10 orc wizards
  Natasha (twice) (D:2)
  18 gnolls
  5 adders
  3 shadow imps
  5 white imps (D:7)
  4 ribbon worms
  38 orcs
  3 endoplasms (D:1)
  4 giant cockroaches
  5 goblins
  10 hobgoblins
  A jackal (D:5)
  2 quokkas
  8 ball pythons
  7 bats
  A frilled lizard (D:1)
  21 kobolds
  18 orc zombies (Bailey)
  5 rats
524 creatures vanquished.

Vanquished Creatures (collateral kills)
  2 ironbound thunderhulks (Vaults:2)
  A minotaur (Gauntlet)
  A yaktaur captain (Vaults:1)
  An ironbound frostheart (Vaults:2)
  A centaur warrior (D:8)
  A deep troll (Vaults:3)
  An arcanist (D:8)
  An ironbound convoker (Vaults:1)
  2 yaktaurs (Vaults:3)
  A queen bee (shapeshifter) (D:8)
  A shadow (D:8)
  A vampire mosquito (D:8)
14 creatures vanquished.

Vanquished Creatures (others)
  3 great orbs of eyes
  An ironbound frostheart (Vaults:2)
  A centaur warrior (Vaults:2)
  A glowing orange brain (Vaults:2)
  A skeletal warrior (D:14)
  3 yaktaurs
  16 slime creatures
  A human (D:14)
  2 water moccasins
  A black bear (D:5)
  An ogre (shapeshifter) (Vaults:1)
  A boggart (Vaults:2)
  A howler monkey (D:5)
  57 jellies
  2 orc priests (D:5)
  2 iguanas (D:5)
  2 orc wizards
  4 gnolls (D:3)
  2 adders
  3 orc zombies (Bailey)
  A ribbon worm (D:4)
  8 orcs
  A ball python (D:3)
  2 endoplasms
  A hobgoblin (D:3)
  2 kobolds (D:4)
  2 bats (D:3)
  A frilled lizard (D:3)
123 creatures vanquished.

Grand Total: 661 creatures vanquished

Notes
Turn   | Place    | Note
-------+----------+-------------------------------------------
     0 | D:1      | Silvore the Demonspawn Fighter began the quest for the Orb.
     0 | D:1      | Reached XP level 1. HP: 18/18 MP: 1/1
   244 | D:1      | Gained mutation: When seriously injured, your blood forms
                  | armour. (AC +9) [demonic ancestry]
   244 | D:1      | Reached XP level 2. HP: 24/24 MP: 2/2
  1005 | D:2      | Noticed Terence
  1023 | D:2      | Killed Terence
  1024 | D:2      | Reached XP level 3. HP: 17/29 MP: 3/3
  1101 | D:2      | Found a faded altar of an unknown god.
  1107 | D:2      | Prayed at the altar of an unknown god.
  1107 | D:2      | Became a worshipper of Jiyva Jatamues the Shapeless
  1107 | D:2      | Reached * piety under Jiyva
  1311 | D:2      | Noticed Natasha
  1319 | D:2      | Killed Natasha
  1320 | D:2      | Gained mutation: You have a pair of small antennae on your
                  | head. [demonic ancestry]
  1320 | D:2      | Reached XP level 4. HP: 33/35 MP: 4/4
  1390 | D:2      | Reached ** piety under Jiyva
  1638 | D:2      | Noticed Natasha
  1644 | D:2      | Killed Natasha
  1719 | D:3      | Reached XP level 5. HP: 40/41 MP: 5/5
  2130 | D:3      | Found Qofolium's Weapon Boutique.
  2330 | D:3      | Found Ynuje's Antique Weapon Emporium.
  2485 | D:4      | Reached *** piety under Jiyva
  2643 | D:4      | Noticed a lemure
  2879 | D:4      | Found a hazy altar of Hepliaklqana.
  2892 | D:4      | Gained mutation: You are covered in slimy tendrils that may
                  | disarm your opponents. [Jiyva's grace]
  2892 | D:4      | Gained mutation: Your rubbery body absorbs attacks. (AC +1,
                  | EV +1) [Jiyva's grace]
  2892 | D:4      | Gained mutation: Your pliable body absorbs attacks. (AC +2,
                  | EV +2) [Jiyva's grace]
  2892 | D:4      | Gained mutation: Your gelatinous body deflects attacks. (AC
                  | +3, EV +3) [Jiyva's grace]
  3169 | D:5      | Entered Level 5 of the Dungeon
  3211 | D:4      | Gained mutation: You sometimes gain a little power by
                  | taking damage. [demonic ancestry]
  3211 | D:4      | Reached XP level 6. HP: 48/48 MP: 6/6
  3330 | D:5      | Reached skill level 5 in Long Blades
  3431 | D:5      | Killed a water moccasin
  3466 | D:5      | Reached **** piety under Jiyva
  3502 | D:5      | Reached skill level 1 in Dodging
  3502 | D:5      | Reached XP level 7. HP: 54/54 MP: 7/7
  3724 | D:6      | Found a shimmering altar of Xom.
  3782 | D:6      | Found Hepnim's Book Emporium.
  3934 | D:6      | Found a staircase to the Ecumenical Temple.
  4002 | D:6      | Reached XP level 8. HP: 61/61 MP: 8/8
  4030 | D:6      | Found a shadowy altar of Dithmenos.
  4165 | D:3      | Bought a bloodstained long sword for 187 gold pieces
  4165 | D:3      | Identified the +1 long sword "Nusk" {heavy, *Corrode rN+
                  | Str+4} (You bought it in a shop on level 3 of the Dungeon)
  4722 | D:6      | Reached ***** piety under Jiyva
  4979 | D:7      | Reached skill level 5 in Fighting
  5080 | D:7      | Reached skill level 5 in Armour
  5168 | D:7      | Noticed a hornet
  5182 | D:7      | HP: 2/93 [hornet (7)]
  5186 | D:7      | Killed a hornet
  5187 | D:7      | Gained mutation: You may rarely emit foul miasma when
                  | damaged in melee. [demonic ancestry]
  5187 | D:7      | Reached XP level 9. HP: 11/68 MP: 9/9
  5543 | D:7      | Gained mutation: Your movements are slightly less
                  | encumbered by armour. (ER -2) [Jiyva's grace]
  5543 | D:7      | Gained mutation: Your movements are less encumbered by
                  | armour. (ER -4) [Jiyva's grace]
  5543 | D:7      | Gained mutation: Your movements are significantly less
                  | encumbered by armour. (ER -6) [Jiyva's grace]
  5543 | D:7      | Gained mutation: You passively dampen the noise of your
                  | surroundings. [Jiyva's grace]
  5975 | D:8      | Found an opulent altar of Gozag.
  6070 | D:8      | Noticed an arcanist
  6080 | D:8      | a hornet changed into a queen bee
  6080 | D:8      | Noticed a queen bee (shapeshifter)
  6081 | D:8      | Killed an arcanist
  6082 | D:8      | Reached skill level 1 in Stealth
  6082 | D:8      | Reached skill level 5 in Shields
  6084 | D:8      | Killed a queen bee
  6177 | D:8      | Noticed a komodo dragon
  6183 | D:8      | Killed a komodo dragon
  6184 | D:8      | Reached XP level 10. HP: 62/77 MP: 10/10
  6303 | D:8      | Noticed an elephant
  6305 | D:8      | Noticed Amaemon
  6305 | D:8      | Noticed an orange demon
  6306 | D:8      | Noticed a deep troll
  6311 | D:8      | Killed an elephant
  6324 | D:8      | Killed a deep troll
  6325 | D:8      | Noticed a deep troll
  6328 | D:8      | Noticed a deep troll
  6381 | D:7      | Killed a deep troll
  6406 | D:7      | Killed a deep troll
  6449 | D:8      | Killed Amaemon
  6450 | D:8      | Reached skill level 5 in Dodging
  6465 | D:8      | Killed an orange demon
  6490 | D:8      | Found the necklace of Bloodlust {Fury *Rage Will++ Int-3
                  | Slay+6}
  6536 | D:8      | Found a staircase to the Lair.
  6623 | D:8      | Noticed a white ugly thing
  6632 | D:8      | Killed a white ugly thing
  6633 | D:8      | Gained mutation: You have a pair of antennae on your head.
                  | [demonic ancestry]
  6633 | D:8      | Reached XP level 11. HP: 72/84 MP: 11/11
  6941 | D:8      | Noticed a centaur warrior
  6951 | D:8      | Killed a centaur warrior
  7076 | D:9      | Noticed Grum
  7085 | D:9      | Reached skill level 10 in Long Blades
  7102 | D:9      | Killed Grum
  7333 | D:9      | Found a flagged portal.
  7342 | Bailey   | Entered a bailey
  7570 | Bailey   | Identified the +1 leather armour of the Planets {Harm}
  7667 | Bailey   | Identified the +6 chain mail of Beauty {Slay+2}
  7928 | D:9      | Found an ornate altar of the Wu Jian Council.
  7928 | D:9      | Found a large runed translucent door.
  7931 | D:9      | Found a large runed translucent door.
  7932 | D:9      | Noticed glumbocoin's ghost (novice AtBe)
  8130 | D:9      | Killed glumbocoin's ghost
  8148 | D:10     | Entered Level 10 of the Dungeon
  8148 | D:10     | Lost mutation: Your gelatinous body deflects attacks. (AC
                  | +3, EV +3) [Jiyva's grace]
  8148 | D:10     | Lost mutation: You passively dampen the noise of your
                  | surroundings. [Jiyva's grace]
  8148 | D:10     | Gained mutation: Your skin changes colour to match your
                  | surroundings (Stealth+). [Jiyva's grace]
  8148 | D:10     | Gained mutation: Your skin blends seamlessly with your
                  | surroundings (Stealth++). [Jiyva's grace]
  8148 | D:10     | Gained mutation: Your skin perfectly mimics your
                  | surroundings (Stealth+++). [Jiyva's grace]
  8148 | D:10     | Gained mutation: Your body has grown eyes which may confuse
                  | attackers. (Acc +3) [Jiyva's grace]
  8162 | D:10     | Noticed a two-headed ogre
  8170 | D:10     | Killed a two-headed ogre
  8204 | D:10     | Reached ****** piety under Jiyva
  8537 | D:10     | Reached XP level 12. HP: 94/94 MP: 12/12
  9295 | D:11     | Found a staircase to the Orcish Mines.
  9580 | D:12     | Found a portal to a secret trove of treasure.
  9768 | D:12     | Lost mutation: Your skin perfectly mimics your surroundings
                  | (Stealth+++). [Jiyva's grace]
  9768 | D:12     | Lost mutation: Your movements are significantly less
                  | encumbered by armour. (ER -6) [Jiyva's grace]
  9768 | D:12     | Gained mutation: Your melee attacks may engulf your foes in
                  | ooze. [Jiyva's grace]
  9768 | D:12     | Gained mutation: You have a small jelly attached to you
                  | that senses nearby items. [Jiyva's grace]
  9768 | D:12     | Gained mutation: Your flesh is cold resistant. (rC+)
                  | [Jiyva's grace]
  9768 | D:12     | Gained mutation: Your flesh is very cold resistant. (rC++)
                  | [Jiyva's grace]
  9807 | D:12     | Noticed a boulder beetle
  9817 | D:12     | Killed a boulder beetle
 10065 | D:13     | Noticed a centaur warrior
 10077 | D:13     | Killed a centaur warrior
 10102 | D:13     | Found a broken altar of Ashenzari.
 10721 | D:14     | Noticed a centaur warrior
 10726 | D:14     | Killed a centaur warrior
 10727 | D:14     | Reached skill level 5 in Stealth
 10744 | D:14     | Noticed an entropy weaver
 10745 | D:14     | an entropy weaver changed into a cane toad
 10761 | D:14     | Found Nagyguxki's Jewellery Boutique.
 10800 | D:14     | Found a gate leading to a gauntlet.
 10807 | Gauntlet | Entered a Gauntlet
 10807 | Gauntlet | Found a transporter.
 10807 | Gauntlet | Found a transporter.
 10807 | Gauntlet | Found a transporter.
 10817 | Gauntlet | Found a transporter.
 10831 | Gauntlet | Found a transporter.
 10841 | Gauntlet | Found a transporter.
 10852 | Gauntlet | Found a transporter.
 10870 | Gauntlet | Found a transporter.
 10874 | Gauntlet | Found a transporter.
 10884 | Gauntlet | Found a transporter.
 10888 | Gauntlet | Found a transporter.
 10946 | Gauntlet | Found a transporter.
 11050 | Gauntlet | Identified the +2 helmet of Cimovargh {Dex+2}
 11076 | Gauntlet | Gained mutation: You sometimes emit foul miasma when
                  | damaged in melee. [demonic ancestry]
 11076 | Gauntlet | Reached XP level 13. HP: 101/101 MP: 13/13
 11086 | Gauntlet | Identified the +1 helmet of the Black Moon {Int+4}
 11129 | Gauntlet | Identified the +1 hat of Beogh, Brewing {*Slow rC++}
 11154 | Gauntlet | Lost mutation: Your movements are less encumbered by
                  | armour. (ER -4) [Jiyva's grace]
 11154 | Gauntlet | Lost mutation: Your melee attacks may engulf your foes in
                  | ooze. [Jiyva's grace]
 11154 | Gauntlet | Gained mutation: You have hidden genetic potential.
                  | [Jiyva's grace]
 11154 | Gauntlet | Gained mutation: You have great hidden genetic potential.
                  | [Jiyva's grace]
 11154 | Gauntlet | Gained mutation: Your natural rate of healing is unusually
                  | fast. [Jiyva's grace]
 11154 | Gauntlet | Gained mutation: You heal very quickly. [Jiyva's grace]
 11167 | Gauntlet | Identified the +11 flail "Beast's Death Toll" {flame, rN+
                  | Will+ Dex-3}
 11167 | Gauntlet | Identified the ring "Otusteps" {rN+ Dex+4 Stlth+}
 11167 | Gauntlet | Noticed a minotaur
 11172 | Gauntlet | Killed a minotaur
 11188 | Gauntlet | Identified the +9 quick blade of the Magi {freeze, Str+3}
 11188 | Gauntlet | Identified the +2 robe of Sin {Rampage Int+7}
 11423 | D:14     | Reached skill level 10 in Fighting
 11423 | D:14     | Reached skill level 1 in Short Blades
 11826 | D:14     | Identified the +1 plate armour "Teecaasme" {Harm rF+}
 11862 | D:14     | Found a gate to the Vaults.
 11889 | Vaults:1 | Entered Level 1 of the Vaults
 11897 | Vaults:1 | Reached skill level 10 in Armour
 11899 | Vaults:1 | Reached skill level 5 in Short Blades
 12079 | Vaults:1 | Found Kiruz's Antique Weapon Shoppe.
 12098 | Vaults:1 | Gained mutation: When seriously injured, your blood forms
                  | thick armour. (AC +9) [demonic ancestry]
 12098 | Vaults:1 | Reached XP level 14. HP: 100/111 MP: 14/14
 12150 | Vaults:1 | Noticed a vault warden
 12193 | Vaults:1 | Killed a vault warden
 12205 | Vaults:1 | Gained mutation: You are agile. (Dex +4, Str/Int -1)
                  | [hidden potential]
 12406 | Vaults:1 | Noticed an ironbound preserver
 12432 | Vaults:1 | Killed an ironbound preserver
 12500 | Vaults:1 | Noticed a vault warden
 12754 | Vaults:1 | Noticed an ironbound preserver
 12761 | Vaults:1 | Noticed an ironbound preserver
 12766 | Vaults:1 | Killed an ironbound preserver
 12779 | Vaults:1 | Killed an ironbound preserver
 12957 | Vaults:1 | Noticed an ironbound preserver
 12997 | Vaults:1 | Killed an ironbound preserver
 13017 | Vaults:1 | Noticed an ironbound preserver
 13023 | Vaults:1 | Killed an ironbound preserver
 13239 | Vaults:2 | Noticed an ironbound thunderhulk
 13249 | Vaults:2 | Noticed a vault warden
 13251 | Vaults:2 | Killed an ironbound thunderhulk
 13252 | Vaults:2 | Gained mutation: You have a pair of large antennae on your
                  | head. (SInv) [demonic ancestry]
 13252 | Vaults:2 | Reached XP level 15. HP: 119/119 MP: 15/15
 13263 | Vaults:2 | Killed a vault warden
 13268 | Vaults:2 | Noticed Mara
 13272 | Vaults:2 | Reached skill level 10 in Short Blades
 13279 | Vaults:2 | Killed Mara
 13285 | Vaults:2 | Gained mutation: You are strong-willed. (Will+) [hidden
                  | potential]
 13285 | Vaults:2 | Lost mutation: You have great hidden genetic potential.
                  | [hidden potential expressed]
 13345 | Vaults:2 | Reached skill level 10 in Shields
 13459 | Vaults:2 | Found Ommaun's Armour Boutique.
 13487 | Vaults:2 | Bought a +2 pair of gloves for 214 gold pieces
 13509 | Vaults:2 | Noticed a vault warden
 13521 | Vaults:2 | Killed a vault warden
 13719 | Vaults:2 | Lost mutation: You are agile. (Dex +4, Str/Int -1) [Jiyva's
                  | grace]
 13719 | Vaults:2 | Lost mutation: Your flesh is very cold resistant. (rC++)
                  | [Jiyva's grace]
 13719 | Vaults:2 | Lost mutation: Your body has grown eyes which may confuse
                  | attackers. (Acc +3) [Jiyva's grace]
 13719 | Vaults:2 | Lost mutation: You are covered in slimy tendrils that may
                  | disarm your opponents. [Jiyva's grace]
 13719 | Vaults:2 | Gained mutation: You possess an exceptional clarity of
                  | mind. [Jiyva's grace]
 13719 | Vaults:2 | Gained mutation: Your gelatinous body deflects attacks. (AC
                  | +3, EV +3) [Jiyva's grace]
 13719 | Vaults:2 | Gained mutation: Your body has grown eyes which may confuse
                  | attackers. (Acc +3) [Jiyva's grace]
 13719 | Vaults:2 | Gained mutation: Your body has grown many eyes which may
                  | confuse attackers. (Acc +5) [Jiyva's grace]
 14450 | Vaults:3 | Gained mutation: You sometimes gain power by taking damage.
                  | [demonic ancestry]
 14450 | Vaults:3 | Reached XP level 16. HP: 112/129 MP: 16/16
 14537 | Vaults:3 | Gained mutation: You are resistant to electric shocks.
                  | (rElec) [hidden potential]
 14657 | Vaults:3 | Annihilated by an ettin

Illustrated notes

Levels and vault maps discovered:
D:1:      elethiomel_arrival_quiet, layout_loops_cross
D:2:      layout_loops_corners, shapermc_ecumenical_altar_mp_highgroup,
          kennysheep_generic_room_11, uniq_natasha, uniq_terence
D:3:      layout_loops_ring, serial_shops, nicolae_shop_bloodbath_and_beyond,
          nicolae_shop_back_alley_shop
D:4:      layout_loops_ring, mainiacjoe_overflow_paths,
          nicolae_overflow_hidden_temple, hangedman_decor_growths, uniq_pikel
D:5:      layout_gridville, minmay_misc_feat_pillars, moated_statue,
          minmay_between
D:6:      layout_basic, led_xom_imps, grunt_dithmenos_smoke, temple_doors_e,
          nicolae_inconvenience_store
D:7:      cheibrodos_barr_body, layout_layer_cave, nicolae_ossuary_entry_plus,
          minmay_misc_feat_chi
D:8:      minmay_tri_box, layout_cave_pools, grunt_gozag_statues,
          grunt_lair_entry_orc_guard_hut,
          hellmonk_guarded_unrand_vitality_bloodlust, uniq_amaemon
D:9:      layout_rooms, amcnicky_altar_gilded, nzn_wu_jian_council_hall,
          enter_bailey_2, ebering_ghost_disaster_area, uniq_grum
D:10:     layout_roguey, lightli_orcish_oven
D:11:     layout_roguey, kennysheep_orc_monster_closet_entryway
D:12:     layout_small_grid, trove_entry_hex_spiral, minmay_misc_feat_encased
D:13:     layout_roguey, dk_noncrumbling_4, nicolae_ashenzari_skybound
D:14:     layout_loops_ring, ximxim_vaults_locker_room, gauntlet_entry_generic,
          serial_shops, kennysheep_little_box
Vaults:1: vaults_mumra_hexcomb, nicolae_vaults_tetromino_L_2, st_squares,
          v_misc_26, grunt_vaults_focal, nicolae_vaults_tetromino_L_2,
          nicolae_vaults_trapezoid_3, nicolae_vaults_cornered_office,
          ontoclasm_vaults_ring_small, nicolae_vaults_tetromino_L_1,
          nicolae_vaults_windows_and_doors_thing,
          nicolae_vaults_storage_room_glass, ontoclasm_vaults_decontamination,
          nicolae_vaults_specimen_jars, nicolae_vaults_closet_pinwheel_4,
          layout_vaults_ring, serial_shops, shop
Vaults:2: hangedman_vaults_nails, hangedman_vaults_nails,
          nicolae_vaults_stand_back, nicolae_vaults_inception_corners,
          v_misc_17, v_pattern_3, ontoclasm_vaults_eye,
          nicolae_vaults_diagonal_hallway_7, nicolae_vaults_little_squares_4,
          vaults_dpeg_hooks, ontoclasm_vaults_spin, nicolae_vaults_rhombus_6,
          nicolae_vaults_house_1, nicolae_vaults_variable_pillar_hall,
          layout_vaults_omnibox, serial_shops, shop, uniq_mara
Vaults:3: v_misc_2, v_misc_3, minmay_crypt_entry_necro_gods,
          nicolae_vaults_shipping_containers_3, nicolae_vaults_trapezoid_2,
          nicolae_vaults_little_ls, nicolae_vaults_yaktaur_gun_rack,
          vaults_room_fours, layout_vaults_quadrants

Skill      XL: |  1  2  3  4  5  6  7  8  9 10 11 12 13 14 15 16 |
---------------+-------------------------------------------------+-----
Long Blades    | 2 3 4 5 6 7 8 9 10 12 | 12.4
Armour         | 3 4 5 6 8 9 10 11 | 11.7
Shields        | 3 4 5 6 7 8 9 10 11 | 11.0
Fighting       | 4 5 6 7 8 9 10 11 12 | 12.9
Dodging        | 1 2 3 5 6 7 8 |  8.4
Stealth        | 1 2 5 6 7 |  7.5
Short Blades   | 6 9 11 12 | 12.4

Action                     |  1- 3 |  4- 6 |  7- 9 | 10-12 | 13-15 | 16-18 || total
---------------------------+-------+-------+-------+-------+-------+-------++-------
  Melee: Long sword        |   108 |   226 |   290 |   562 |    16 |       ||  1202
         Quick blade       |       |       |       |       |   936 |   203 ||  1139
 Invoke: Oozemancy         |       |       |       |     1 |       |       ||     1
  Evoke: Phantom mirror    |       |       |       |     1 |       |       ||     1
    Use: Scroll            |     4 |     2 |     2 |    10 |     3 |     1 ||    22
         Potion            |     1 |       |     5 |     5 |     2 |     1 ||    14
   Stab: Invisible         |       |       |     1 |       |       |       ||     1
         Confused          |       |       |       |     8 |     9 |     2 ||    19
         Sleeping          |       |       |       |     9 |     2 |       ||    11
         Distracted        |       |       |       |     1 |     5 |       ||     6
 Armour: Scale mail        |    89 |   176 |   295 |       |       |       ||   560
         Plate armour      |       |       |    23 |   354 |       |       ||   377
         Chain mail        |       |       |       |   222 |   445 |    84 ||   751
  Dodge: Dodged            |    57 |   108 |   322 |   604 |   326 |    72 ||  1489
  Block: Buckler           |    24 |    53 |   107 |   314 |   186 |    42 ||   726
